 Dungeon Crawl Stone Soup version 0.19-a0-958-gd69d43c (webtiles) character file.

212 Stormphoenix the Covert (level 5, -1/38 HPs)
             Began as a Vampire Assassin on July 11, 2016.
             Was an Initiate of Okawaru.
             Slain by a phantom (3 damage)
             ... on level 4 of the Dungeon.
             The game lasted 00:06:28 (2265 turns).

Stormphoenix the Covert (Vampire Assassin)          Turns: 2265, Time: 00:06:28

Health: -1/38      AC:  5    Str: 10    XL:     5   Next: 58%
Magic:  5/5        EV: 12    Int: 15    God:    Okawaru [......]
Gold:   64         SH:  0    Dex: 15    Spells: 0 memorised, 4 levels left

rFire  . . .     SeeInvis +     a - +2 dagger
rCold  . . .     Gourm    .     h - +0 robe (curse)
rNeg   + . .     Faith    .     (no shield)
rPois  .         Spirit   .     i - +1 helmet
rElec  .         Dismiss  .     d - +0 cloak
rCorr  .         Reflect  .     (no gloves)
SustAt .         Harm     .     (no boots)
MR     .....                    (no amulet)
Stlth  +++++.....               (no ring)
                                (no ring)

@: not resistant to hostile enchantments, quite stealthy
A: fangs 3, see invisible, unbreathing
a: Bat Form, Renounce Religion


You were on level 4 of the Dungeon.
You worshipped Okawaru.
Okawaru was noncommittal.
You were not thirsty.

You visited 1 branch of the dungeon, and saw 4 of its levels.

You collected 64 gold pieces.

Inventory:

Hand Weapons
 a - a +2 dagger (weapon)
 b - a +0 blowgun
Missiles
 e - 22 poisoned needles
 f - 2 curare-tipped needles
Armour
 d - a +0 cloak (worn)
 h - a cursed +0 robe (worn)
 i - a +1 helmet (worn)
Scrolls
 k - 3 scrolls of enchant armour
 l - 2 scrolls of identify
 m - 2 scrolls of remove curse
 o - a scroll of fog
Potions
 c - a potion of agility {unknown}
 g - a potion of blood
 j - 2 potions of flight
 n - a potion of curing


   Skills:
 - Level 1.7 Fighting
 + Level 3.7 Short Blades
 - Level 1.5 Throwing
 - Level 1.1 Dodging
 - Level 9.5 Stealth


You had 4 spell levels left.
You didn't know any spells.

Dungeon Overview and Level Annotations

Branches:
Dungeon (4/15)
 Temple: D:4-7

Altars:
Cheibriados
Gozag
Okawaru
Pakellas
Ru
Yredelemnul

Shops:
D:3 *

Annotations:
D:4 crawlian's ghost, weakling DEFE


Innate Abilities, Weirdness & Mutations

You have razor-sharp teeth.
You have supernaturally acute eyesight. (SInv)
You can survive without breathing.


Message History

The phantom is lightly damaged.
You hit the phantom.
The phantom is moderately damaged.
The phantom blinks!
You see here a lumpy emerald potion.
You see here a lumpy emerald potion.
You hit the phantom.
The phantom is moderately damaged.
The phantom hits you.
* * * LOW HITPOINT WARNING * * *
The phantom blinks!
The phantom blinks!
The phantom hits you but does no damage.
You miss the phantom.
The phantom is moderately damaged.
The phantom barely misses you.
You hit the phantom.
The phantom is moderately damaged.
The phantom hits you.
You die...

#.......# #
##.......##(#.
###....>.........
#....##.....#....
.."..#..#.(..#.#
... ###.
#<.#..#.#.# .
"...##........#
#.#.....#..##### #
###.#..@W.####
#.#.#.#....######
..#..!...........
########....######
#....# #....#
#....# #....#
######


You could see a phantom.

Vanquished Creatures
  A water moccasin skeleton (D:4)
  A hound (D:4)
  6 adders
  An adder skeleton (D:4)
  2 worms
  A dart slug (D:3)
  A giant gecko (D:2)
  2 ball pythons
  9 bats
  4 giant cockroaches
  7 hobgoblins
  2 quokkas (D:3)
  4 giant newts
  14 goblins
  8 kobolds
  8 rats
  A spectral orc (D:3)
72 creatures vanquished.

Notes
Turn   | Place    | Note
-------+----------+-------------------------------------------
     0 | D:1      | Stormphoenix the Vampire Assassin began the quest for the Orb.
     0 | D:1      | Reached XP level 1. HP: 16/16 MP: 1/1
    48 | D:1      | Reached skill level 6 in Stealth
    89 | D:1      | Reached XP level 2. HP: 21/22 MP: 2/2
   208 | D:1      | Reached skill level 7 in Stealth
   642 | D:2      | Reached XP level 3. HP: 27/27 MP: 3/3
   682 | D:2      | Reached skill level 8 in Stealth
   751 | D:2      | Found an oddly glowing altar of Pakellas.
   772 | D:2      | Reached XP level 4. HP: 33/33 MP: 4/4
  1066 | D:3      | Reached skill level 9 in Stealth
  1070 | D:3      | Found a snail-covered altar of Cheibriados.
  1278 | D:3      | Found a basalt altar of Yredelemnul.
  1314 | D:3      | Found an opulent altar of Gozag.
  1314 | D:3      | Found Gozag's Platinum Reserve.
  1429 | D:3      | Found an iron altar of Okawaru.
  1438 | D:3      | Became a worshipper of Warmaster Okawaru
  1462 | D:3      | Found a sacrificial altar of Ru.
  1929 | D:4      | Reached XP level 5. HP: 27/38 MP: 5/5
  1973 | D:4      | Noticed crawlian's ghost (weakling DEFE)
  2239 | D:4      | Noticed a phantom
  2259 | D:4      | HP: 1/38 [phantom (6)]
  2265 | D:4      | Slain by a phantom

Vault maps used:
D:1:      minmay_arrival_wavy_path, minmay_misc_feat_four_crosses,
          minmay_misc_feat_square, solitary_fountain
D:2:      grunt_pakellas_basics
D:3:      kennysheep_slug_shrine, okawaru_gym_becter,
          nicolae_gozag_zags_fifth_avenue, yredelemnul_forgotten_temple_becter,
          first_bread, nicolae_ru_awakened_eye
D:4:      supply_closet_lemuel, hangedman_abyss_or_decor_slice,
          minmay_goblin_kobold_house

Skill      XL: |  1  2  3  4  5 |
---------------+----------------+-----
Stealth        | 6 7 8 9 |  9.5
Short Blades   | 3 |  3.7
Fighting       | |  1.7
Throwing       | |  1.5
Dodging        | |  1.1

Action                   |  1- 3 |  4- 6 || total
-------------------------+-------+-------++-------
Melee: Dagger            |    63 |   118 ||   181
       Bite              |     3 |     8 ||    11
 Fire: Blowgun           |       |     5 ||     5
  Use: Scroll            |     5 |     3 ||     8
       Potion            |       |     1 ||     1
 Stab: Sleeping          |    17 |    15 ||    32
       Distracted        |     1 |       ||     1
  Eat: Corpse            |       |     4 ||     4
Armor: Robe              |    17 |    25 ||    42
Dodge: Dodged            |    27 |    52 ||    79
